 Dungeon Crawl Stone Soup version 0.30-a0-694-g3340775977 (webtiles) character file.

Game seed: 11188566281337392595

5 M4edhros the Trooper (level 1, -1/16 (18) HPs)
             Began as an Octopode Wanderer on Jan 20, 2023.
             Killed by nerve-wracking pain
             ... invoked by Jessica
              (9 damage)
             ... on level 3 of the Dungeon.
             The game lasted 00:00:59 (164 turns).

M4edhros the Trooper (Octopode Wanderer)             Turns: 164, Time: 00:01:00

HP:   -1/16 (18)    AC:  1    Str:  7    XL:     1   Next: 80%
MP:   1/1           EV: 14    Int: 11    God:
Gold: 19            SH:  0    Dex: 18    Spells: 0/0 levels left

rFire   . . .      SeeInvis .    (no weapon)
rCold   . . .      Faith    .    (no shield)
rNeg    . . .      Spirit   .    f - +0 hat
rPois   .          Reflect  .    (no amulet)
rElec   .          Harm     .    (no ring)
rCorr   .          Rampage  .    (no ring)
Will    .....                    (no ring)
Stlth   +++                      (no ring)
HPRegen 0.22/turn                (no ring)
MPRegen 0.07/turn                (no ring)
                                 (no ring)
                                 (no ring)

@: slowed, heavily drained, very slow
A: almost no armour, amphibious, 8 rings, camouflage 1, gelatinous body 1,
(nimble swimmer 1), tentacles
a: no special abilities


You were on level 3 of the Dungeon.
You visited 1 branch of the dungeon, and saw 3 of its levels.

You collected 19 gold pieces.

Inventory:

Missiles
 b - 3 throwing nets (quivered)
Armour
 f - a +0 hat (worn)
Scrolls
 a - a scroll of amnesia {unknown}
 c - a scroll of teleportation
Potions
 d - 2 potions of curing
 e - a potion of lignification


   Skills:
 + Level 5.0 Fighting
 + Level 3.1 Dodging
 * Level 0.8 Unarmed Combat
 - Level 2.1 Evocations


You couldn't memorise any spells.
You didn't know any spells.
Your spell library was empty.

Dungeon Overview and Level Annotations

Branches:
Dungeon (3/15)

Altars:

Shops:
D:3 *

Annotations:
D:3 Jessica


Innate Abilities, Weirdness & Mutations

You cannot wear most types of armour.
You are amphibious.
You can wear up to eight rings at the same time.
Your skin changes colour to match your surroundings (Stealth+).
Your rubbery body absorbs attacks. (AC +1, EV +1)
((You are camouflaged when in or above water. (Stealth+)))
You have tentacles for arms and can constrict up to eight enemies at once.


Message History

The poisoned dart completely misses Jessica.
Throw: 3 darts (poison)
Press: ? - help, Q - select action, (/) - cycle Shift-Dir - straight line, f/p - Jessica
Aim: Jessica, wielding a +2 dagger of draining and wearing a +0 robe (63% to hit)
You throw a poisoned dart.
The poisoned dart barely misses Jessica.
Jessica casts a spell at you.
You feel yourself slow down.
Throw: 2 darts (poison)
Press: ? - help, Q - select action, (/) - cycle Shift-Dir - straight line, f/p - Jessica
Aim: Jessica, wielding a +2 dagger of draining and wearing a +0 robe (63% to hit)
You throw a poisoned dart.
The poisoned dart closely misses Jessica.
Throw: dart (poison)
Press: ? - help, Q - select action, (/) - cycle Shift-Dir - straight line, f/p - Jessica
Aim: Jessica, wielding a +2 dagger of draining and wearing a +0 robe (63% to hit)
You throw a poisoned dart. The poisoned dart hits Jessica.
Jessica is poisoned.
Jessica gestures at you while chanting. Pain shoots through your body!
Found a stone staircase leading down.
Okay, then.
You aren't carrying any items that you can evoke.
Jessica mumbles some strange words.
Jessica blinks!
You tentacle-slap Jessica. You grab Jessica.
Jessica is moderately wounded.
You constrict Jessica, but do no damage.
Jessica shouts, "You are a ghastly nuisance!"
Jessica misses you.
You tentacle-slap Jessica but do no damage.
You squeeze Jessica, but do no damage.
Jessica is moderately wounded.
You constrict Jessica, but do no damage.
Jessica looks more healthy.
Jessica hits you with a +2 dagger of draining.
You feel drained.
Jessica points at you and mumbles some strange words.
Pain shoots through your body!
Ouch! That really hurt!
You die...

#.# #.# #.# #.#
#.# ###.#
#########...#
....(((<#.#.###
####.....∩..@!#
........#.###@#
.###.......# >#
#.....#.# .#
###.###.# .# #.
.# .# #. .# .#
.. .# .#


You could see Jessica.

Vanquished Creatures
  A bat (D:2)
  A hobgoblin (D:2)
  A ball python (D:1)
  2 frilled lizards
  A rat (D:1)
6 creatures vanquished.

Notes
Turn   | Place    | Note
-------+----------+-------------------------------------------
     0 | D:1      | M4edhros the Octopode Wanderer began the quest for the Orb.
     0 | D:1      | M4edhros set off with the following items: a +0 dagger, 3
                  | throwing nets, a scroll of teleportation, a potion of
                  | curing, a potion of lignification, a +0 hat.
     0 | D:1      | Reached XP level 1. HP: 18/18 MP: 1/1
   152 | D:3      | Noticed Jessica
   152 | D:3      | Found Qualal's Assorted Antiques.
   164 | D:3      | Killed from afar by Jessica

Illustrated notes

Levels and vault maps discovered:
D:1:      dpeg_arrival_signposts, layout_loops_ring, basic_ecumenical_altar,
          st_stairs_8, minmay_misc_feat_columns, minmay_misc_feat_five,
          nicolae_concentric_dashed_squares_mild
D:2:      layout_rooms, basic_altar
D:3:      layout_loops_ring, grunt_ashenzari_visionary
          [grunt_ashenzari_visionary_shoals, grunt_ashenzari_visionary_snake],
          serial_shops, nicolae_shop_crystal, nrook_mini_backslash, uniq_jessica

Action                   || total
-------------------------++-------
Melee: Unarmed           ||    16
       Constrict         ||     5
       Tentacles         ||     5
Throw: Dart              ||     5
 Stab: Sleeping          ||     2
Armor: Skin              ||     1
Dodge: Dodged            ||    14

Table legend: (Time is in decaauts)
 A = Elapsed time spent in this place.
 B = Non-inter-level travel time spent in this place.
 C = Inter-level travel time spent in this place.
 D = Time resting spent in this place.
 E = Time spent auto-exploring this place.
 F = Levels seen in this place.
 G = Mean time per level.
                   A        B        C        D        E       F      G
               +--------+--------+--------+--------+--------+-----+--------+
         Total |    165 |    153 |     12 |      0 |     34 |   3 |   55.0 |
       Dungeon |    165 |    153 |     12 |      0 |     34 |   3 |   55.0 |
               +--------+--------+--------+--------+--------+-----+--------+

Top non-repeatable levels by time:
     D:1: 117 daAuts
     D:2: 33 daAuts
     D:3: 14 daAuts
